Selects Australian Defense Battlegroup
Selects Australian Light Infantry Section
Australian Light Infantry Section
Construct Section Command Post
Australian Light Infantry Section
Australian Light Infantry Section
Construct Field Infirmary
Construct Platoon Command Post
Unlock Bishop Self-propelled Artillery
Bishop Self-propelled Artillery
Selects CMP 15cwt Supply Run
Selects Reinforced Resource Caches
Australian Light Infantry Section
Bishop Self-propelled Artillery
Selects Archer Tank Destroyer
6-pounder Anti-tank Gun Team
Australian Light Infantry Section
Selects Defensive Tactics
Selects Vehicle Over Repair
Australian Light Infantry Section